 Dungeon Crawl Stone Soup version 0.29-a0-72-g1732ff48e7 (webtiles) character file.

Game seed: 44330010994511028

44842 HallandMoats the Bringer of Light (level 14, 0/76 HPs)
             Began as a Vine Stalker Fighter on Feb 3, 2022.
             Was the Champion of the Shining One.
             Constricted to death by Jorgrun (6 damage)
             ... while petrified by Jorgrun
             ... on level 12 of the Dungeon.
             The game lasted 00:18:49 (10849 turns).

HallandMoats the Bringer of Light (VSFi)           Turns: 10849, Time: 00:18:50

Health: 0/76       AC: 18    Str: 21    XL:     14   Next: 30%
Magic:  0/31       EV: -1    Int:  5    God:    the Shining One [******]
Gold:   575        SH:  0    Dex: 17    Spells: 13/13 levels left

rFire   + + .      SeeInvis .   b - +9 hunting sling "Ylier" {venom, rF++ Int-5}
rCold   . . .      Faith    .   q - +0 buckler {reflect}
rNeg    + + +      Spirit   +   I - +2 plate armour "Ugen" {Dex+2}
rPois   ∞          Reflect  +   (no helmet)
rElec   +          Harm     .   (no cloak)
rCorr   +          Rampage  .   M - +2 pair of gloves of the Tanner {rElec rPois rN+}
Will    +....                   (no boots)
Stlth   ..........              c - amulet of regeneration
HPRegen 1.82/turn               i - ring of magical power
MPRegen 0.22/turn               g - ring of resist corrosion

@: petrified, grasped by roots, glowing, constricted
A: fangs 3, regeneration 1, magic shield, antimagic bite, no potion heal 2
a: Renounce Religion, Divine Shield, Cleansing Flame, Summon Divine Warrior,
Brand Weapon With Holy Wrath


You were on level 12 of the Dungeon.
You worshipped the Shining One.
The Shining One was exalted by your worship.
You visited 1 branch of the dungeon, and saw 12 of its levels.
You also visited: Bailey.

You collected 575 gold pieces.

Inventory:

Hand Weapons
 a - a +0 vorpal trident
 b - the +9 hunting sling "Ylier" (weapon) {venom, rF++ Int-5}
   (You found it on level 5 of the Dungeon)

   Any ammunition fired from it poisons the flesh of those it strikes.
   Int:       It affects your intelligence (-5).
   rF:        It greatly protects you from fire.
 j - a +5 hunting sling of flaming
 K - the +7 mace of Corruption {vorpal, rPois}
   (You found it in a bailey)

   It inflicts extra damage upon your enemies.
   rPois:     It protects you from poison.
Missiles
 u - 29 sling bullets
 v - 237 stones (quivered ammo)
Armour
 q - a +0 buckler of reflection (worn)
 I - the +2 plate armour "Ugen" (worn) {Dex+2}
   (You found it in a bailey)

   Dex:       It affects your dexterity (+2).
 J - a +3 leather armour of fire resistance
 M - the +2 pair of gloves of the Tanner (worn) {rElec rPois rN+}
   (You found it in a bailey)

   rElec:     It insulates you from electricity.
   rPois:     It protects you from poison.
   rN:        It protects you from negative energy.
Jewellery
 c - an amulet of regeneration (around neck)
 g - a ring of resist corrosion (right hand)
 i - a ring of magical power (left hand)
 n - a +6 ring of dexterity
 o - a ring of willpower
 y - a +6 ring of strength
Wands
 m - a wand of paralysis (18)
 s - a wand of flame (16)
Scrolls
 h - 5 scrolls of fog
 k - a scroll of brand weapon
 l - a scroll of magic mapping
 x - 8 scrolls of identify
 z - 2 scrolls of enchant armour
 A - 3 scrolls of amnesia
 D - a scroll of fear {unknown}
 E - a scroll of immolation {unknown}
 H - a scroll of silence {unknown}
Potions
 d - 5 potions of might
 e - a potion of resistance {unknown}
 f - 2 potions of attraction
 r - a potion of lignification {unknown}
 t - 2 potions of flight {unknown}
 w - 4 potions of curing {unknown}
 B - 3 potions of mutation {unknown}
 C - a potion of invisibility
 F - 2 potions of haste
 L - a potion of heal wounds {unknown}


   Skills:
 * Level 9.7 Fighting
 + Level 7.2 Polearms
 * Level 9.2 Slings
 + Level 7.0 Armour
 + Level 6.5 Dodging
 + Level 7.6 Shields
 * Level 9.9 Invocations


You had 13 spell levels left.
You didn't know any spells.
Your spell library contained the following spells:

 Spells                   Type           Power      Damage    Failure   Level
 Pain                     Necr           0%         1d4       100%        1
 Corpse Rot               Necr/Air       0%         N/A       100%        2
 Poisonous Vapours        Pois/Air       0%         N/A       100%        2
 Static Discharge         Conj/Air       0%         N/A       100%        2
 Frozen Ramparts          Ice            0%         1d2       100%        3
 Dispel Undead            Necr           0%         3d6       100%        4
 Ice Form                 Ice/Tmut       0%         N/A       100%        4
 Sticky Flame             Conj/Fire      0%         2d3       100%        4
 Summon Ice Beast         Ice/Summ       0%         N/A       100%        4
 Summon Lightning Spire   Summ/Air       0%         N/A       100%        4
 Agony                    Necr           0%         N/A       100%        5
 Excruciating Wounds      Necr           0%         N/A       100%        5
 Storm Form               Tmut/Air       0%         N/A       100%        7
 Maxwell's Capacitive Co  Air            0%         ∞         100%        8


Dungeon Overview and Level Annotations

Branches:
Dungeon (12/15)            Temple (0/1) D:4            Lair (0/6) D:10
    Orc (0/2) D:9          Bailey (visited)

Altars:
Dithmenos
Elyvilon
Fedhas
Gozag
Kikubaaqudgha
Okawaru
Ru
Uskayaw
Wu Jian
Xom
The Shining One

Shops:
D:3 [   D:9 (   D:10 [

Annotations:
D:6 2 transporters
D:7 2 transporters
D:12 Jorgrun


Innate Abilities, Weirdness & Mutations

You have razor-sharp teeth.
Your natural rate of healing is unusually fast.
When hurt, damage is shared between your health and your magic reserves.
Your bite disrupts and absorbs the magic of your enemies.
Potions cannot restore your health.


Message History

Jorgrun is almost dead.
Jorgrun gestures at you while chanting.
Your +0 buckler of reflection reflects the iron shot!
The iron shot hits Jorgrun!
The grasping roots constrict you.
Your limbs are stiffening.
Unknown command.
Unknown command.
Unknown command.
Fire: 238 stones
Press: ? - help, Q - select action, (/) - cycle Shift-Dir - straight line, f/p - Jorgrun
Aim: Jorgrun, wielding a +0 vorpal quarterstaff and wearing a +2 robe of resistance (almost dead, fast, extremely poisoned, haloed, 74% to hit)
You shoot a stone.
The stone hits Jorgrun but does no damage.
Jorgrun looks as sick as possible!
Jorgrun is almost dead.
Jorgrun hits you with a +0 vorpal quarterstaff!
The grasping roots constrict you. Jorgrun hits you but does no damage.
The grasping roots constrict you.
You have turned to stone.
Jorgrun points at you and mumbles some strange words.
The grasping roots constrict you.
Jorgrun hits you with a +0 vorpal quarterstaff!
The grasping roots constrict you! Jorgrun gestures at you while chanting.
The grasping roots constrict you!
Jorgrun hits you with a +0 vorpal quarterstaff!
* * * LOW HITPOINT WARNING * * *
The grasping roots constrict you.
* * * LOW HITPOINT WARNING * * *
Jorgrun hits you with a +0 vorpal quarterstaff.
* * * LOW HITPOINT WARNING * * *
x2 The grasping roots constrict you.
* * * LOW HITPOINT WARNING * * *
Jorgrun points at you and mumbles some strange words.
The iron shot hits you!!
* * * LOW HITPOINT WARNING * * *
The grasping roots constrict you.
* * * LOW HITPOINT WARNING * * *
Jorgrun points at you and mumbles some strange words.
The grasping roots constrict you!
You die...

#######
.......
####......#
#........#
#........#
#$.....#
#.@g..(####
#..........
#......####
#.!.....#
#######.#
.# #.# #
#.. ###


You could see Jorgrun (fast, extremely poisoned).

Vanquished Creatures
  2 two-headed ogres
  A wizard (D:11)
  A manticore (D:12)
  3 cyclopes
  An unseen horror (D:11)
  A gargoyle (Bailey)
  A komodo dragon (D:10)
  2 trolls (D:10)
  3 hornets
  Grinder (D:3)
  A meliai zombie (D:10)
  A vampire (Bailey)
  3 wyverns
  12 yaks
  5 wraiths
  Eustachio (D:4)
  A vampire mosquito (D:11)
  An acid dragon (D:11)
  3 water moccasins (D:10)
  2 orc warriors
  3 black bears
  2 sky beasts
  2 necrophages
  6 centaurs
  An ogre (D:6)
  3 kobold brigands
  2 phantoms
  8 bullfrogs
  5 scorpions
  A gnoll sergeant (D:9)
  A water moccasin zombie (D:6)
  A wyvern zombie (D:5)
  3 wolf zombies (Bailey)
  5 vampire bats (Bailey)
  4 howler monkeys
  An electric eel (D:11)
  5 centaur zombies
  2 centaur skeletons (D:7)
  2 gnoll shamans
  5 orc priests
  A bullfrog skeleton (D:5)
  2 hounds (D:3)
  4 jellies
  A scorpion zombie (D:5)
  Ijyb (D:5)
  2 iguanas
  11 orc wizards
  A killer bee zombie (D:7)
  A hound skeleton (D:4)
  A howler monkey zombie (D:10)
  20 gnolls
  7 adders
  2 shadow imps
  2 ufetubi
  An adder zombie (D:5)
  2 adder skeletons (D:4)
  2 worms
  5 dart slugs
  23 orcs
  3 endoplasms
  2 giant cockroaches
  10 goblins
  6 hobgoblins
  11 jackals
  4 quokkas
  9 ball pythons
  5 bats
  3 frilled lizards
  11 kobolds
  13 orc zombies (Bailey)
  9 rats
283 creatures vanquished.

Vanquished Creatures (collateral kills)
  2 vampires (Bailey)
  2 vampire bats (Bailey)
  4 wolf zombies (Bailey)
  7 orc zombies (Bailey)
15 creatures vanquished.

Vanquished Creatures (others)
  11 fungi
  13 plants
24 creatures vanquished.

Grand Total: 322 creatures vanquished

Notes
Turn   | Place    | Note
-------+----------+-------------------------------------------
     0 | D:1      | HallandMoats the Vine Stalker Fighter began the quest for
                  | the Orb.
     0 | D:1      | Reached XP level 1. HP: 11/11 MP: 2/2
   265 | D:1      | Reached XP level 2. HP: 16/16 MP: 3/3
   555 | D:1      | Found a faded altar of an unknown god.
   568 | D:1      | Prayed at the altar of an unknown god.
   568 | D:1      | Became a worshipper of the Shining One
   568 | D:1      | Reached * piety under the Shining One
   657 | D:1      | Reached skill level 1 in Invocations
   660 | D:1      | Reached XP level 3. HP: 18/19 MP: 2/4
  1326 | D:2      | Found a shimmering altar of Xom.
  1623 | D:2      | Gained mutation: Your natural rate of healing is unusually
                  | fast. [Vine Stalker growth]
  1623 | D:2      | Reached XP level 4. HP: 24/24 MP: 6/6
  1825 | D:3      | Found Rymiloap's Armour Shop.
  1949 | D:3      | Noticed Grinder
  1952 | D:3      | Paralysed by Grinder for 2 turns
  1964 | D:3      | Reached XP level 5. HP: 28/28 MP: 7/7
  1994 | D:3      | HP: 1/28 [Grinder (4)]
  1995 | D:3      | Killed Grinder
  1996 | D:3      | Reached skill level 1 in Dodging
  1996 | D:3      | Reached XP level 6. HP: 3/33 MP: 1/8
  2096 | D:3      | Reached ** piety under the Shining One
  2111 | D:3      | Found an ancient bone altar of Kikubaaqudgha.
  2782 | D:4      | Found a staircase to the Ecumenical Temple.
  2823 | D:4      | Noticed a necrophage
  2830 | D:4      | Killed a necrophage
  2831 | D:4      | Reached XP level 7. HP: 37/37 MP: 10/10
  3211 | D:4      | Noticed Eustachio
  3224 | D:4      | Killed Eustachio
  3225 | D:4      | Gained mutation: You have razor-sharp teeth. [Vine Stalker
                  | growth]
  3225 | D:4      | Reached XP level 8. HP: 31/42 MP: 11/11
  3368 | D:4      | Found an ornate altar of the Wu Jian Council.
  3497 | D:5      | Entered Level 5 of the Dungeon
  3499 | D:5      | Identified a scroll of acquirement
  3499 | D:5      | Acquired a +5 hunting sling of flaming
  3502 | D:5      | Noticed Ijyb
  3514 | D:5      | Killed Ijyb
  3979 | D:5      | Identified the +9 hunting sling "Ylier" {venom, rF++ Int-5}
  3988 | D:5      | Found a shadowy altar of Dithmenos.
  4107 | D:5      | Noticed a yak
  4107 | D:5      | Noticed a yak
  4107 | D:5      | Reached *** piety under the Shining One
  4107 | D:5      | Noticed a yak
  4107 | D:5      | Noticed a yak
  4107 | D:5      | Noticed a yak
  4118 | D:5      | Killed a yak
  4144 | D:4      | Killed a yak
  4145 | D:4      | Reached skill level 5 in Fighting
  4145 | D:4      | Reached skill level 1 in Slings
  4250 | D:4      | Killed a yak
  4262 | D:4      | Killed a yak
  4367 | D:5      | Killed a yak
  4448 | D:5      | Reached XP level 9. HP: 42/47 MP: 13/13
  4494 | D:5      | Reached skill level 5 in Polearms
  4538 | D:5      | Reached skill level 5 in Invocations
  5289 | D:6      | Found a hide-covered altar of Uskayaw.
  5293 | D:6      | Found a glowing golden altar of the Shining One.
  5332 | D:6      | Found an opulent altar of Gozag.
  5424 | D:6      | Found a transporter.
  5427 | D:6      | Noticed an orc high priest
  5435 | D:6      | Noticed a kobold demonologist
  5437 | D:6      | Reached **** piety under the Shining One
  5444 | D:6      | Found a transporter.
  5837 | D:7      | Noticed a hornet
  5843 | D:7      | Killed a hornet
  6045 | D:7      | Reached XP level 10. HP: 36/53 MP: 15/15
  6129 | D:7      | Found an iron altar of Okawaru.
  6129 | D:7      | Noticed a gargoyle
  6131 | D:7      | Found a transporter.
  6387 | D:7      | Found a transporter.
  6709 | D:8      | Found a blossoming altar of Fedhas.
  6928 | D:8      | Noticed a cyclops
  6936 | D:8      | Killed a cyclops
  6937 | D:8      | Reached skill level 5 in Shields
  7356 | D:8      | Found a sacrificial altar of Ru.
  7728 | D:9      | Found a staircase to the Orcish Mines.
  7728 | D:9      | Noticed a two-headed ogre
  7736 | D:9      | Killed a two-headed ogre
  8005 | D:9      | Reached skill level 5 in Slings
  8044 | D:9      | Found a flagged portal.
  8072 | Bailey   | Entered a bailey
  8141 | Bailey   | Noticed a gargoyle
  8159 | Bailey   | Killed a gargoyle
  8300 | Bailey   | Reached XP level 11. HP: 46/60 MP: 18/18
  8301 | Bailey   | Reached skill level 5 in Armour
  8301 | Bailey   | Reached XP level 12. HP: 52/66 MP: 18/19
  8302 | Bailey   | Reached XP level 13. HP: 56/70 MP: 19/20
  8314 | Bailey   | Reached ***** piety under the Shining One
  8354 | Bailey   | Identified the +2 plate armour "Ugen" {Dex+2}
  8539 | Bailey   | Identified the +7 mace of Corruption {vorpal, rPois}
  8678 | Bailey   | Identified the +2 pair of gloves of the Tanner {rElec rPois
                  | rN+}
  8886 | D:9      | Found Saororch's Weapon Emporium.
  9062 | D:10     | Entered Level 10 of the Dungeon
  9062 | D:10     | Found Citinap's Armour Boutique.
  9115 | D:10     | Reached XP level 14. HP: 75/75 MP: 22/22
  9187 | D:10     | Found a staircase to the Lair.
 10214 | D:11     | Reached ****** piety under the Shining One
 10537 | D:11     | Found a white marble altar of Elyvilon.
 10813 | D:12     | Noticed Jorgrun
 10849 | D:12     | Constricted to death by Jorgrun

Illustrated notes

Levels and vault maps discovered:
D:1:      lightli_arrival_chessboard, layout_loops_corners,
          dreamdust_ecumenical_altar_angels_and_demons,
          hangedman_feature_mirror, amcnicky_mini_corridor_feature,
          lemuel_flame_loot_1
D:2:      layout_rooms, basic_altar, serial_park_tiny_2,
          chequers_decorated_corner
D:3:      layout_loops_cross, kiku_gazebo_pond_becter, serial_shops,
          nicolae_shop_crystal, glass_columns_a, cheibrodos_gnoll_hut,
          uniq_grinder
D:4:      nicolae_cairo_tiling_very_big, layout_rooms,
          nicolae_wu_jian_wuxing_cycle, minmay_temple_entry_stoned_glass,
          uniq_eustachio
D:5:      layout_gridville, mainiacjoe_overflow_paths, minmay_checkerbox,
          uniq_ijyb
D:6:      gammafunk_wand_slinger, layout_basic,
          nicolae_gozag_cash_rules_everything_around_me,
          nicolae_overflow_squiral, minmay_misc_feat_five, skrybe_limestone_x,
          fountainhead
D:7:      layout_cave_pools, gammafunk_temple_overflow_arena,
          chequers_serial_rivers_micro_a, minmay_hedge_maze
D:8:      layout_basic, nicolae_ru_path_of_blood, fedhas_altar_3, serial_rivers,
          chequers_serial_rivers_micro_a, chequers_serial_rivers_room_b,
          chequers_serial_rivers_room_b, chequers_serial_rivers_marsh,
          chequers_serial_rivers_small_b
D:9:      layout_roguey, orc_0_dummy, serial_shops,
          nicolae_shop_bloodbath_and_beyond, enter_bailey_5
D:10:     layout_roguey, due_lair_maze_entry_diamond, serial_shops,
          nicolae_shop_statue_plus, minmay_diced_spiral
D:11:     layout_rooms, st_stairs_5, nicolae_elyvilon_temple_path
D:12:     layout_basic, uniq_jorgrun

Skill      XL: |  1  2  3  4  5  6  7  8  9 10 11 12 13 14 |
---------------+-------------------------------------------+-----
Polearms       | 2 3 4 5 6 7 |  7.2
Invocations    | 1 2 3 4 5 8 9 |  9.9
Fighting       | 3 4 5 6 8 9 |  9.7
Shields        | 3 4 5 7 |  7.6
Dodging        | 1 2 3 4 6 |  6.5
Armour         | 3 4 5 6 7 |  7.0
Slings         | 2 3 7 8 9 |  9.2

Action                   |  1- 3 |  4- 6 |  7- 9 | 10-12 | 13-15 || total
-------------------------+-------+-------+-------+-------+-------++-------
Melee: Trident           |    98 |    90 |    96 |     5 |     5 ||   294
       Bite              |    13 |    25 |    21 |     3 |     5 ||    67
 Fire: Hunting sling     |       |       |   152 |   205 |   353 ||   710
Invok: Summon Divine War |       |       |       |       |     1 ||     1
  Use: Scroll            |       |     7 |     2 |     1 |     1 ||    11
       Potion            |       |       |       |     4 |     2 ||     6
Armor: Scale mail        |    23 |    35 |    33 |       |       ||    91
       Leather armour    |       |       |    18 |     8 |     5 ||    31
       Plate armour      |       |       |       |       |    80 ||    80
Dodge: Dodged            |    34 |    37 |    86 |    36 |    97 ||   290
Block: Buckler           |    17 |    25 |    43 |    20 |    62 ||   167
       Reflection        |       |       |       |       |     2 ||     2

Table legend: (Time is in decaauts)
 A = Elapsed time spent in this place.
 B = Non-inter-level travel time spent in this place.
 C = Inter-level travel time spent in this place.
 D = Time resting spent in this place.
 E = Time spent auto-exploring this place.
 F = Levels seen in this place.
 G = Mean time per level.
                   A        B        C        D        E       F      G
               +--------+--------+--------+--------+--------+-----+--------+
         Total |  10896 |   9895 |   1001 |    159 |   7592 |  13 |  838.2 |
       Dungeon |  10272 |   9271 |   1001 |    113 |   7244 |  12 |  856.0 |
        Bailey |    624 |    624 |      0 |     46 |    348 |   1 |  624.0 |
               +--------+--------+--------+--------+--------+-----+--------+

Top non-repeatable levels by time:
     D:1: 1278 daAuts
     D:3: 1153 daAuts
     D:4: 1107 daAuts
     D:8: 981 daAuts
     D:6: 951 daAuts
     D:5: 881 daAuts
     D:7: 836 daAuts
     D:9: 828 daAuts
    D:10: 723 daAuts
     D:2: 714 daAuts
  Bailey: 624 daAuts
    D:11: 586 daAuts
    D:12: 229 daAuts
